Map: Kairos Junction LE

Players

OGZest (Zest) - Winner!

  • Race: Protoss Protoss
  • Spawn Location: 5:00

Bunny

  • Race: Terran Terran
  • League: Diamond
  • Spawn Location: 11:00

Event: HomeStory Cup XIX

VOD

Have the link to the VOD?

Description

Time

  • Played on: June 29, 2019, 7:48 a.m.
  • Length: 8:21

All games in this series

Show
View Real Time Build Order
Export as new Build Order

OGZest Protoss - Winner!

Build Orders: Blink Stalkers 

Get SALT Encoding   

  12  0:00  Probe  
  13  0:12  Probe  
  14  0:17  Pylon  
  14  0:25  Probe  
  15  0:35  Gateway  
  15  0:38  Probe  
  16  0:45  Pylon  
  16  0:51  Assimilator  
  16  0:54  Probe  
  17  1:04  Gateway  
  17  1:08  Probe  
  18  1:20  Probe  
  18  1:23  Cybernetics Core  
  19  1:32  Probe  
  19  1:34  Assimilator  
  20  1:45  Probe  
  21  1:49  Stalker  
  21  1:57  Probe  
  21  1:59  Adept  
  26  2:04  Warp Gate  
  26  2:09  Stalker, Probe  
  29  2:24  Pylon  
  29  2:34  Stalker  
  31  3:05  Nexus  
  31  3:12  Twilight Council  
  31  3:13  Robotics Facility  
  31  3:17  Probe  
  32  3:29  Probe  
  32  3:31  Pylon  
  33  3:41  Probe  
  33  3:42  Blink  
  34  3:53  Sentry  
  34  3:55  Stalker  
  38  3:56  Probe  
  39  4:08  Probe  
  39  4:09  Observer  
  41  4:11  Pylon  
  41  4:13  Probe  
  41  4:21  Probe x2  
  44  4:31  Probe  
  44  4:33  Probe  
  44  4:34  Stalker  
  44  4:35  Stalker  
  49  4:43  Probe  
  49  4:45  Probe  
  51  4:55  Probe  
  51  4:57  Probe  
  53  5:06  Probe  
  53  5:09  Probe, Nexus  
  55  5:14  Probe  
  55  5:19  Forge  
  56  5:21  Probe  
  56  5:22  Probe  
  56  5:23  Forge  
  57  5:33  Probe  
  57  5:34  Probe  
  59  5:37  Stalker x2, Observer  
  59  5:41  Assimilator  
  63  5:43  Assimilator  
  63  5:45  Probe  
  63  5:46  Probe  
  61  5:57  Probe  
  61  5:58  Probe  
  63  6:05  Observer  
  63  6:10  Protoss Ground Armor Level 1, Protoss Ground Weapons Level 1  
  64  6:11  Probe x2  
  64  6:15  Pylon  
  64  6:16  Charge  
  65  6:20  Immortal, Gateway  
  65  6:21  Probe  
  65  6:22  Gateway  
  65  6:23  Gateway  
  70  6:27  Probe x2  
  70  6:31  Probe  
  72  6:35  Probe x2  
  72  6:39  Probe  
  75  6:43  Probe  
  75  6:44  Observer  
  75  6:45  Probe  
  76  6:47  Probe  
  76  6:53  Sentry  
  81  6:54  Probe  
  81  6:55  Pylon  
  81  6:57  Gateway  
  81  6:59  Immortal  
  86  7:04  Probe  
  86  7:05  Probe  
  87  7:10  Nexus  
  87  7:12  Pylon  
  87  7:16  Probe x2  
  87  7:17  Probe  
  90  7:23  Pylon  
  90  7:29  Stalker x4  
  98  7:31  Observer  
  98  7:33  Stalker  
  101  7:53  Pylon  
  101  7:54  Zealot x5, Gateway  
  101  7:56  Gateway  
  101  7:57  Zealot  
  97  8:17  Zealot x5  
Show
View Real Time Build Order
Export as new Build Order

Bunny Terran 

Build Orders: Gas First Reaper Expand 

Get SALT Encoding   

  12  0:00  SCV  
  13  0:12  SCV  
  14  0:16  Supply Depot  
  14  0:24  SCV  
  14  0:27  Refinery  
  15  0:38  SCV  
  16  0:44  Barracks  
  16  0:50  SCV  
  17  1:02  SCV  
  18  1:14  SCV  
  19  1:31  Orbital Command  
  19  1:32  Reaper  
  20  1:44  Command Center  
  20  1:56  SCV  
  20  1:59  Factory  
  21  2:05  Barracks Reactor  
  21  2:08  Supply Depot  
  21  2:12  SCV  
  22  2:15  Refinery  
  22  2:25  SCV  
  23  2:34  Bunker  
  24  2:37  SCV  
  24  2:44  Marine x2  
  23  2:46  Factory Tech Lab  
  23  2:49  SCV  
  22  3:01  SCV  
  22  3:12  Cyclone  
  25  3:16  SCV  
  26  3:24  Marine x2  
  28  3:30  SCV  
  29  3:35  Orbital Command  
  29  3:42  SCV  
  30  3:57  Supply Depot  
  30  4:02  Supply Depot  
  30  4:13  Command Center  
  30  4:18  Marine x2, SCV x2  
  30  4:21  Siege Tank  
  37  4:30  SCV x2  
  39  4:38  Marine x2  
  39  4:42  Barracks  
  39  4:43  SCV x2  
  43  4:47  Supply Depot  
  43  4:54  Siege Tank  
  46  5:07  Supply Depot  
  46  5:09  Marine x2, SCV  
  49  5:16  Starport  
  49  5:21  SCV  
  50  5:30  Barracks Tech Lab  
  50  5:32  Orbital Command  
  50  5:35  Orbital Command  
  48  5:36  Siege Tank  
  49  5:44  Marine x2  
  49  5:53  SCV  
  49  5:58  Marine  
  49  5:59  Stimpack  
  49  6:04  SCV x2  
  51  6:05  Refinery  
  51  6:11  Siege Tank  
  52  6:15  Marine x2  
  52  6:16  Marine, Starport Reactor  
  55  6:20  Bunker  
  54  6:26  SCV x3  
  54  6:32  Barracks  
  57  6:38  Marauder, Marine x2  
  60  6:40  Engineering Bay  
  60  6:41  Engineering Bay, SCV  
  60  6:42  SCV  
  60  6:43  SCV  
  61  6:49  Siege Tank  
  61  6:54  SCV x2  
  66  6:55  SCV  
  66  6:57  Supply Depot  
  66  7:01  Medivac  
  69  7:03  Medivac  
  69  7:07  SCV x2  
  73  7:08  Marine  
  73  7:09  Marine, Refinery  
  73  7:11  Marine  
  76  7:19  SCV x2  
  77  7:25  Barracks  
  77  7:29  Orbital Command, Barracks Tech Lab  
  77  7:31  SCV x2  
  77  7:35  Marine x2  
  77  7:36  Marine  
  82  7:43  SCV x2  
  84  7:54  Supply Depot  
  84  7:55  Supply Depot  
  84  7:58  SCV x3  
  90  8:02  Marine  
  90  8:03  Marine, Refinery  
  90  8:05  Refinery  
  70  8:17  Barracks Tech Lab  
Tags
 
Add a new tag
Caveats
  • Supply blocks, unpowered buildings, or Contaminate may cause inaccurate times.
  • Supply counts are checked every 10 seconds.